 Dungeon Crawl Stone Soup version 0.18.1-50-g88ac8fd (webtiles) character file.

266 nikopol the Chopper (level 6, -8/56 HPs)
             Began as a Minotaur Berserker on Oct 23, 2016.
             Was a Priest of Trog.
             Mangled by a gnoll
             ... wielding a +0 spear
              (9 damage)
             ... on level 3 of the Dungeon.
             The game lasted 00:04:54 (3075 turns).

nikopol the Chopper (Minotaur Berserker)            Turns: 3075, Time: 00:04:54

Health: -8/56      AC:  7    Str: 23    XL:     6   Next: 0%
Magic:  5/5        EV: 12    Int:  4    God:    Trog [***...]
Gold:   108        SH:  0    Dex: 10    Spells: 0 memorised, 5 levels left

rFire  . . .     SeeInvis .     a - +0 hand axe
rCold  . . .     Gourm    .     j - +0 ring mail
rNeg   . . .     Faith    .     (no shield)
rPois  .         Spirit   .     (helmet restricted)
rElec  .         Dismiss  .     (no cloak)
rCorr  .         Reflect  .     d - +0 pair of gloves
SustAt .         Harm     .     (no boots)
MR     .....                    (no amulet)
Stlth  ..........               (no ring)
                                (no ring)

@: exhausted, slowed, very slow, not resistant to hostile enchantments,
extremely unstealthy
A: retaliatory headbutt, horns 2
a: Berserk, Trog's Hand, Burn Spellbooks, Renounce Religion


You were on level 3 of the Dungeon.
You worshipped Trog.
Trog was most pleased with you.
You were hungry.

You visited 1 branch of the dungeon, and saw 3 of its levels.

You collected 108 gold pieces.

Inventory:

Hand Weapons
 a - a +0 hand axe (weapon)
Armour
 b - a +0 animal skin
 d - a +0 pair of gloves (worn)
 j - a +0 ring mail (worn)
Wands
 w - a wand of enslavement (9/24)
Scrolls
 e - a scroll of fear {unknown}
 g - a scroll of enchant weapon {unknown}
 h - a scroll of teleportation {unknown}
 i - 2 scrolls of recharging {unknown}
 k - 2 scrolls of enchant armour {unknown}
 p - a scroll of identify {unknown}
 t - a scroll of blinking {unknown}
 u - a scroll of remove curse {unknown}
 v - a scroll of immolation {unknown}
 x - a scroll of noise {unknown}
Potions
 l - a potion of cure mutation {unknown}
 n - a potion of haste {unknown}
 o - a potion of might {unknown}
 q - a potion of curing {unknown}
 s - 3 potions of flight {unknown}
Comestibles
 c - a bread ration
 f - a slice of pizza
 m - a beef jerky
 r - 6 chunks of flesh


   Skills:
 + Level 5.1 Fighting
 + Level 5.2 Axes
 + Level 4.0 Armour
 + Level 3.9 Dodging


You had 5 spell levels left.
You didn't know any spells.

Dungeon Overview and Level Annotations

Branches:
Dungeon (3/15)

Altars:
Cheibriados


Innate Abilities, Weirdness & Mutations

You reflexively headbutt those who attack you in melee.
You have a pair of horns on your head.


Message History

The gnoll is heavily wounded.
The gnoll sergeant hits you with a spear.
* * * LOW HITPOINT WARNING * * *
The gnoll hits you.
* * * LOW HITPOINT WARNING * * *
The gnoll barely misses you. You furiously retaliate!
You headbutt the gnoll.
The gnoll sergeant hits you with a spear.
* * * LOW HITPOINT WARNING * * *
You barely miss the gnoll sergeant. You headbutt the gnoll sergeant.
The gnoll sergeant is severely wounded.
You hit the gnoll.
The gnoll is heavily wounded.
You hit the gnoll shaman.
The gnoll shaman is lightly wounded.
The gnoll sergeant completely misses you.
The gnoll closely misses you. The gnoll sergeant closely misses you.
You furiously retaliate!
You headbutt the gnoll sergeant, but do no damage.
The gnoll hits you with a spear!
You die...

######### #.###.# #)....#....#
##.#.## #...#.#.#...
#.#.#.###...#.......
##############...........###.....
.P...............................
≈≈≈≈≈≈≈≈≈≈≈≈≈≈≈≈≈≈≈))..≈≈≈≈≈≈≈≈≈≈
≈≈≈≈≈≈≈≈≈≈≈≈≈≈≈≈≈g≈....≈≈≈≈≈≈≈≈≈≈
≈≈#####≈≈≈≈≈≈≈≈≈gg≈....≈≈≈≈≈≈≈≈≈≈
≈≈# #.........@ggh.............
≈≈# #############''''##########
≈≈### #....# ≈≈≈.# #....# ≈≈≈.#
#....# ≈≈≈.# #gg..# ≈≈≈.# #...g#
≈≈≈.#


'.hggg ≈≈≈.# You could see a gnoll sergeant, a gnoll shaman, 3 gnolls and a
jackal.

Vanquished Creatures
  2 gnoll shamans (D:3)
  10 gnolls (D:3)
  An adder (D:2)
  3 worms
  A dart slug (D:3)
  3 giant geckos
  3 orcs (D:3)
  12 bats
  6 giant cockroaches
  3 goblins
  4 hobgoblins
  17 jackals
  9 kobolds
  A quokka (D:3)
  A ball python (D:2)
  3 giant newts
  9 rats
88 creatures vanquished.

Notes
Turn   | Place    | Note
--------------------------------------------------------------
     0 | D:1      | nikopol the Minotaur Berserker began the quest for the Orb.
     0 | D:1      | Reached XP level 1. HP: 19/19 MP: 0/0
   123 | D:1      | Reached XP level 2. HP: 22/27 MP: 1/1
   956 | D:2      | Reached XP level 3. HP: 21/33 MP: 2/2
  1189 | D:2      | Reached ** piety under Trog
  1208 | D:2      | Found a snail-covered altar of Cheibriados.
  1793 | D:3      | Reached XP level 4. HP: 41/41 MP: 3/3
  2653 | D:3      | Reached XP level 5. HP: 42/47 MP: 4/4
  2723 | D:3      | Reached *** piety under Trog
  2951 | D:3      | Reached skill level 5 in Axes
  3064 | D:3      | Reached skill level 5 in Fighting
  3071 | D:3      | Reached XP level 6. HP: 26/56 MP: 5/5
  3074 | D:3      | HP: 1/56 [gnoll sergeant/spear (5)]
  3075 | D:3      | Mangled by a gnoll

Skill      XL: |  1  2  3  4  5 |
---------------+----------------+-----
Axes           | 4 5 |  5.2
Fighting       | 4 5 |  5.1
Armour         | 3 4 |  4.0
Dodging        | 3 |  3.9

Action                   |  1- 3 |  4- 6 || total
-------------------------+-------+-------++-------
Melee: Hand axe          |    98 |   105 ||   203
       Headbutt          |     8 |    22 ||    30
Invok: Berserk           |       |     1 ||     1
 Stab: Sleeping          |     1 |       ||     1
  Eat: Chunk             |     3 |     4 ||     7
Armor: Animal skin       |    12 |       ||    12
       Ring mail         |    19 |    33 ||    52
Dodge: Dodged            |    82 |    87 ||   169
